 Dungeon Crawl Stone Soup version 0.29-a0-350-g7790a0e70a (webtiles) character file.

Game seed: 2766297492038855110

19397 zishaf the Party-goer (level 12, 0/67 HPs)
             Began as a Vine Stalker Brigand on Apr 22, 2022.
             Was a Believer of Uskayaw.
             Killed from afar by a lindwurm (25 damage)
             ... with a blast of flame
             ... in a volcano.
             The game lasted 00:30:13 (10453 turns).

zishaf the Party-goer (Vine Stalker Brigand)       Turns: 10453, Time: 00:30:14

Health: 0/67       AC:  8    Str: 16    XL:     12   Next: 68%
Magic:  0/22       EV: 14    Int: 13    God:    Uskayaw [**....]
Gold:   1130       SH: 11    Dex: 23    Spells: 11/11 levels left

rFire   . . .      SeeInvis .   a - +3 dagger (protect)
rCold   . . .      Faith    .   Q - +0 kite shield
rNeg    . . .      Spirit   +   H - +0 steam dragon scales
rPois   .          Reflect  .   w - +0 helmet
rElec   .          Harm     .   J - scarf {+Inv}
rCorr   .          Rampage  .   g - +1 pair of gloves
Will    ++...                   (no boots)
Stlth   ++++......              u - amulet of regeneration
HPRegen 1.81/turn               T - ring of willpower
MPRegen 0.18/turn               l - +4 ring of evasion

@: studying Shields
A: fangs 3, regeneration 1, magic shield, antimagic bite, no potion heal 2,
agile 1, clever 1, high MP 1, strong 1
a: Renounce Religion, Evoke Invisibility, Stomp, Line Pass


You were in a volcano.
You worshipped Uskayaw.
Uskayaw was aware of your devotion.
You visited 3 branches of the dungeon, and saw 13 of its levels.
You also visited: Bailey and Volcano.

You collected 1130 gold pieces.

Inventory:

Hand Weapons
 a - a +3 dagger of protection (weapon)
 b - a +0 hunting sling
 B - a +3 dagger of protection
 I - the +5 war axe "Ystroem" {speed, rCorr}
   (You took it off an orc wizard on level 7 of the Dungeon)

   Attacks with this weapon are significantly faster.
   rCorr:     It protects you from acid and corrosion.
 O - a +2 dagger of venom
 Y - a +1 scimitar of flaming
 Z - a +3 scimitar of flaming
Missiles
 d - 58 poisoned darts
 e - 2 curare-tipped darts
 f - 4 atropa-tipped darts
 t - 18 boomerangs (quivered)
 x - 3 throwing nets
 K - 3 boomerangs of dispersal
 M - 3 javelins
Armour
 c - a +0 cloak
 g - a +1 pair of gloves (worn)
 p - a +2 ring mail of cold resistance
 w - a +0 helmet (worn)
 G - a +0 troll leather armour
 H - +0 steam dragon scales (worn)
 J - a scarf of invisibility (worn)
 Q - a +0 kite shield (worn)
Jewellery
 i - a ring of flight
 j - a ring of magical power
 l - a +4 ring of evasion (right hand)
 u - an amulet of regeneration (around neck)
 C - a ring of positive energy
 L - an amulet of the acrobat
 T - a ring of willpower (left hand)
Wands
 y - a wand of acid (1)
 F - a wand of flame (58)
 V - a wand of paralysis (2)
 W - a wand of digging (8)
Scrolls
 m - a scroll of enchant armour
 o - 12 scrolls of teleportation
 N - a scroll of enchant weapon
 S - a scroll of fog
 X - a scroll of blinking {unknown}
Potions
 k - 3 potions of mutation
 n - 5 potions of curing
 q - 5 potions of haste
 r - 2 potions of lignification
 s - 2 potions of cancellation
 v - a potion of might
 z - a potion of attraction
 A - 3 potions of resistance {unknown}
 D - 2 potions of flight {unknown}
 E - 4 potions of heal wounds {unknown}
 P - a potion of invisibility {unknown}
 R - 3 potions of magic {unknown}
Miscellaneous
 U - a tin of tremorstones (inert)


   Skills:
 + Level 9.9 Fighting
 - Level 10.0 Short Blades
 - Level 5.0 Throwing
 - Level 0.7 Dodging
 - Level 8.0 Stealth
 + Level 4.0 Shields
 * Level 10.4 Invocations
 + Level 5.3 Evocations


You had 11 spell levels left.
You didn't know any spells.
Your spell library contained the following spells:

 Spells                   Type           Power      Damage    Failure   Level
 Magic Dart               Conj           0%         1d3       67%         1
 Slow                     Hex            0%         N/A       67%         1
 Blink                    Tloc           0%         N/A       80%         2
 Call Imp                 Summ           0%         N/A       80%         2
 Sublimation of Blood     Necr           0%         N/A       80%         2
 Confusing Touch          Hex            0%         N/A       95%         3
 Conjure Flame            Conj/Fire      0%         6-21      95%         3
 Ignite Poison            Fire/Tmut/Pois 0%         N/A       95%         3
 Lesser Beckoning         Tloc           0%         N/A       95%         3
 Mephitic Cloud           Conj/Pois/Air  0%         N/A       95%         3
 Ozocubu's Armour         Ice            0%         N/A       95%         3
 Vampiric Draining        Necr           0%         2d6       95%         3
 Petrify                  Tmut/Erth      0%         N/A       100%        4
 Sticky Flame             Conj/Fire      0%         2d3       100%        4
 Irradiate                Conj/Tmut      0%         3d13      100%        5
 Manifold Assault         Tloc           0%         N/A       100%        5
 Ozocubu's Refrigeration  Ice            0%         4d5       100%        7


Dungeon Overview and Level Annotations

Branches:
Dungeon (11/15)            Temple (1/1) D:7            Lair (1/6) D:9
 Bailey (visited)         Volcano (1/1)
    Orc: D:9-12

Altars:
Ashenzari
Cheibriados
Dithmenos
Elyvilon
Fedhas
Gozag
Hepliaklqana
Kikubaaqudgha
Makhleb
Qazlal
Sif Muna
Trog
Uskayaw
Vehumet
Wu Jian
Xom
Yredelemnul
Zin
The Shining One
Beogh

Annotations:
D:3 3 runed translucent doors, Antichthon's ghost, amateur NaWr; mnm's ghost, amateur VSFi; spaghetti's ghost, amateur NaFi


Innate Abilities, Weirdness & Mutations

You have razor-sharp teeth.
Your natural rate of healing is unusually fast.
When hurt, damage is shared between your health and your magic reserves.
Your bite disrupts and absorbs the magic of your enemies.
Potions cannot restore your health.
You are agile. (Dex +2)
Your mind is acute. (Int +2)
You have an increased reservoir of magic. (+10% MP)
Your muscles are strong. (Str +2)


Message History

The blast of flame hits you!!
You can now pass through a line of other dancers.
Throw: 18 boomerangs
Press: ? - help, Q - select action, (/) - cycle Shift-Dir - straight line, f - you
Okay, then.
Throw: 18 boomerangs
Press: ? - help, Q - select action, (/) - cycle Shift-Dir - straight line, f/p - lindwurm
Aim: a lindwurm (heavily wounded, 80% to hit)
You throw a boomerang. The boomerang hits the lindwurm.
The lindwurm is severely wounded.
The lindwurm breathes flames at you. The blast of flame hits you!
Throw: 18 boomerangs
Press: ? - help, Q - select action, (/) - cycle Shift-Dir - straight line, f/p - lindwurm
Aim: a lindwurm (severely wounded, catching its breath, 80% to hit)
You throw a boomerang.
The boomerang hits the lindwurm but does no damage.
The lindwurm is severely wounded.
Throw: 18 boomerangs
Press: ? - help, Q - select action, (/) - cycle Shift-Dir - straight line, f/p - lindwurm
Aim: a lindwurm (severely wounded, 80% to hit)
You throw a boomerang. The boomerang hits the lindwurm!
The lindwurm is almost dead.
The lindwurm breathes flames at you. The blast of flame hits you!!
Throw: 18 boomerangs
Press: ? - help, Q - select action, (/) - cycle Shift-Dir - straight line, f/p - lindwurm
Aim: a lindwurm (almost dead, catching its breath, 80% to hit)
You throw a boomerang. The boomerang hits the lindwurm.
The lindwurm is almost dead.
The lindwurm breathes flames at you. The blast of flame hits you!!
Throw: 18 boomerangs
Press: ? - help, Q - select action, (/) - cycle Shift-Dir - straight line, f/p - lindwurm
Aim: a lindwurm (almost dead, 80% to hit)
You throw a boomerang. The boomerang hits the lindwurm!
The lindwurm is almost dead.
The lindwurm breathes flames at you. The blast of flame hits you!!
You die...

### ##..# #.≈≈. ##.≈≈.#
### ### #.≈≈≈≈. ##.##
##.### #.≈≈≈≈.##
##.))###...≈##
..≈≈k≈§§###.###.#....≈§#
.≈≈.k≈..##.#####'..∩.§§#
#≈≈≈≈≈≈#'@###☼####..≈≈≈#
###########≈≈☼§≈##..≈≈≈#
#≈#≈#≈##§☼≈≈≈≈≈≈##..§≈≈#
○≈≈≈≈≈≈§##.≈≈§§§)..∩.☼§#
.§≈°°°.☼###..≈§§#....≈§#
#°≈§°°☼## ##.§§###...≈##
#☼○°☼.☼ ##.## ##.###
##°°≈☼# ### ### #°≈≈.


You could see 2 lindwurms.

Vanquished Creatures
  An orc warlord (Bailey)
  6 two-headed ogres
  Lodul (D:10)
  Pikel (D:8)
  5 orc knights (Bailey)
  A toenail golem (Volcano)
  Maurice (D:8)
  2 gargoyles (D:10)
  3 molten gargoyles (Volcano)
  3 efreet (Volcano)
  Maggie (D:10)
  A merfolk (D:10)
  2 hornets (D:9)
  4 trolls
  Prince Ribbit (D:7)
  Sigmund (D:5)
  3 fire elementals (Volcano)
  3 yaks (D:9)
  A vampire (D:9)
  5 steam dragons
  A water moccasin (D:5)
  Duvessa (D:7)
  3 ice beasts
  A black bear (D:7)
  13 orc warriors
  3 sky beasts
  2 centaurs
  4 wolves (Lair:1)
  3 ogres (D:10)
  3 kobold brigands
  3 lemures (D:8)
  A gnoll sergeant (D:8)
  A necrophage (D:6)
  3 bullfrogs
  An earth elemental (Volcano)
  A scorpion (D:5)
  3 wights (D:9)
  Dowan (D:7)
  5 killer bees (D:10)
  3 howler monkeys (D:10)
  A gnoll shaman (D:8)
  8 orc priests
  6 hounds
  4 iguanas
  11 orc wizards
  21 gnolls
  2 adders
  A shadow imp (D:6)
  4 white imps
  An ufetubus (D:6)
  2 worms
  2 dart slugs
  64 orcs
  6 bats
  3 endoplasms
  3 giant cockroaches
  22 goblins
  17 hobgoblins
  3 jackals (D:1)
  21 kobolds
  8 quokkas
  11 ball pythons
  4 frilled lizards
  8 rats
  A fire vortex (Volcano)
336 creatures vanquished.

Vanquished Creatures (others)
  A fungus (Lair:1)
  6 plants
7 creatures vanquished.

Grand Total: 343 creatures vanquished

Notes
Turn   | Place    | Note
-------+----------+-------------------------------------------
     0 | D:1      | zishaf the Vine Stalker Brigand began the quest for the
                  | Orb.
     0 | D:1      | Reached XP level 1. HP: 11/11 MP: 2/2
   355 | D:1      | Reached skill level 5 in Stealth
   360 | D:1      | Reached XP level 2. HP: 11/15 MP: 0/3
  1234 | D:1      | Reached XP level 3. HP: 18/18 MP: 4/4
  1476 | D:2      | You fall into a shaft and drop 2 floors!
  1560 | D:2      | Found a faded altar of an unknown god.
  1643 | D:2      | Gained mutation: Your natural rate of healing is unusually
                  | fast. [Vine Stalker growth]
  1643 | D:2      | Reached XP level 4. HP: 21/23 MP: 5/5
  2139 | D:3      | Found a runed translucent gate.
  2140 | D:3      | Found a runed translucent gate.
  2141 | D:3      | Found a runed translucent gate.
  2142 | D:3      | Noticed spaghetti's ghost (amateur NaFi)
  2142 | D:3      | Noticed mnm's ghost (amateur VSFi)
  2142 | D:3      | Noticed Antichthon's ghost (amateur NaWr)
  2269 | D:3      | Found a white marble altar of Elyvilon.
  2386 | D:4      | Gained mutation: Your muscles are strong. (Str +2) [potion
                  | of mutation]
  2386 | D:4      | Gained mutation: You are agile. (Dex +2) [potion of
                  | mutation]
  2386 | D:4      | Gained mutation: Your mind is acute. (Int +2) [potion of
                  | mutation]
  2386 | D:4      | Gained mutation: You have an increased reservoir of magic.
                  | (+10% MP) [potion of mutation]
  2449 | D:4      | Reached XP level 5. HP: 27/28 MP: 6/6
  3176 | D:5      | Entered Level 5 of the Dungeon
  3194 | D:5      | Reached XP level 6. HP: 32/32 MP: 7/7
  3295 | D:5      | Noticed a water moccasin
  3303 | D:5      | Killed a water moccasin
  3338 | D:5      | Reached XP level 7. HP: 37/37 MP: 8/8
  3997 | D:5      | Noticed Sigmund
  4006 | D:5      | Killed Sigmund
  4257 | D:5      | Gained mutation: You have razor-sharp teeth. [Vine Stalker
                  | growth]
  4257 | D:5      | Reached XP level 8. HP: 39/42 MP: 8/9
  4390 | D:6      | Found a blossoming altar of Fedhas.
  4496 | D:6      | Reached skill level 5 in Fighting
  4496 | D:6      | Reached skill level 5 in Short Blades
  4520 | D:6      | Identified the +1 robe "Notsuism" {Str+4}
  4962 | D:6      | Found a broken altar of Ashenzari.
  4962 | D:6      | Found a stormy altar of Qazlal.
  5039 | D:7      | Noticed Dowan
  5040 | D:7      | Noticed a troll
  5082 | D:7      | Noticed Duvessa
  5098 | D:7      | Killed Duvessa
  5110 | D:7      | Killed Dowan
  5188 | D:7      | Killed a troll
  5189 | D:7      | Reached XP level 9. HP: 44/49 MP: 10/10
  5286 | D:7      | Found a shimmering blue altar of Sif Muna.
  5341 | D:7      | Found a staircase to the Ecumenical Temple.
  5353 | D:7      | Noticed Prince Ribbit
  5356 | D:7      | Killed Prince Ribbit
  5363 | Temple   | Entered the Ecumenical Temple
  5403 | Temple   | Became a worshipper of Uskayaw the Reveller
  5453 | D:7      | Reached * piety under Uskayaw
  5460 | D:7      | Reached ** piety under Uskayaw
  5461 | D:7      | Reached skill level 1 in Invocations
  5466 | D:7      | Reached *** piety under Uskayaw
  5492 | D:7      | Reached skill level 1 in Evocations
  5607 | D:7      | Found a runed translucent door.
  5710 | D:7      | Identified the +5 war axe "Ystroem" {speed, rCorr}
  6033 | D:7      | Reached **** piety under Uskayaw
  6077 | D:7      | Reached ***** piety under Uskayaw
  6264 | D:8      | Noticed Pikel
  6283 | D:8      | Killed Pikel
  6284 | D:8      | Reached XP level 10. HP: 55/56 MP: 15/15
  6807 | D:8      | Noticed Maurice
  6811 | D:8      | Reached skill level 5 in Invocations
  6852 | D:8      | Killed Maurice
  7034 | D:9      | Found a staircase to the Lair.
  7042 | D:9      | Found a hazy altar of Hepliaklqana.
  7043 | D:9      | Found a shimmering altar of Xom.
  7044 | D:9      | Noticed a spectral ugly thing
  7227 | D:9      | Noticed a two-headed ogre
  7399 | D:9      | Killed a two-headed ogre
  7400 | D:9      | Reached XP level 11. HP: 60/60 MP: 18/18
  7864 | D:10     | Entered Level 10 of the Dungeon
  7864 | D:10     | Noticed a two-headed ogre
  7944 | D:10     | Found a flagged portal.
  7961 | Bailey   | Entered a bailey
  7987 | Bailey   | Noticed an orc knight
  8019 | Bailey   | Killed an orc knight
  8072 | Bailey   | Noticed an orc knight
  8103 | Bailey   | Killed an orc knight
  8146 | Bailey   | Noticed an orc knight
  8189 | Bailey   | Killed an orc knight
  8374 | Bailey   | Noticed an orc warlord
  8374 | Bailey   | Noticed an orc knight
  8376 | Bailey   | Noticed an orc knight
  8440 | Bailey   | Killed an orc knight
  8492 | Bailey   | Killed an orc warlord
  8501 | Bailey   | Killed an orc knight
  8663 | D:10     | Killed a two-headed ogre
  8832 | D:10     | Noticed a two-headed ogre
  8832 | D:10     | Noticed a two-headed ogre
  8862 | D:9      | Reached skill level 1 in Shields
  9034 | D:10     | Noticed Lodul
  9043 | D:10     | Killed Lodul
  9044 | D:10     | Reached skill level 5 in Throwing
  9044 | D:10     | Reached XP level 12. HP: 67/67 MP: 21/21
  9048 | D:10     | Noticed a two-headed ogre
  9049 | D:10     | Killed a two-headed ogre
  9051 | D:10     | Noticed a two-headed ogre
  9060 | D:10     | Killed a two-headed ogre
  9061 | D:10     | Killed a two-headed ogre
  9062 | D:10     | Killed a two-headed ogre
  9338 | D:10     | Noticed Maggie
  9350 | D:10     | Reached skill level 10 in Short Blades
  9355 | D:10     | Killed Maggie
  9631 | Lair:1   | Entered Level 1 of the Lair of Beasts
  9632 | Lair:1   | Acquired a manual of Shields
  9752 | Lair:1   | Found a dark tunnel.
  9773 | Volcano  | Entered a volcano
  9789 | Volcano  | Reached skill level 10 in Invocations
  9829 | Volcano  | Reached skill level 5 in Evocations
 10453 | Volcano  | Killed from afar by a lindwurm

Illustrated notes

Levels and vault maps discovered:
D:1:      dpeg_arrival_ratfight, layout_loops_ring, serial_forest,
          infiniplex_forest_lined_corner, infiniplex_forest_clump_small,
          infiniplex_forest_corner_2, infiniplex_forest_lined_room_3,
          infiniplex_forest_clump_C, infiniplex_forest_clump_C,
          infiniplex_forest_end_2, infiniplex_forest_lined_corner,
          minmay_pentomino_r2
D:2:      cheibrodos_helix_gallery, layout_rooms,
          chequers_ecumenical_altar_island, guppyfry_early_lair_pool
D:3:      layout_rooms, lemuel_doored_altar, gammafunk_ghost_cemetery
D:4:      layout_loops_cross
D:5:      layout_basic, amcnicky_mini_rare_corridor_liquid, grunt_decor_clamped,
          minmay_misc_feat_tiny, uniq_sigmund
D:6:      layout_loops_ring, nicolae_overflow_hidden_temple
D:7:      layout_loops_ring, mainiacjoe_overflow_alcove_4,
          minmay_temple_entry_mist, hangedman_decor_peaks_small,
          hangedman_decor_points, chequers_garden, lightli_church_of_beogh,
          uniq_prince_ribbit1, uniq_duvessa
D:8:      layout_basic, uniq_maurice, uniq_pikel
D:9:      layout_roguey, regret_index_temple_of_mockery, lair_entry_dummy,
          nicolae_underground_beach
D:10:     layout_gridville, enter_bailey_5, serial_rivers,
          chequers_serial_rivers_micro_c, chequers_serial_rivers_room_b,
          chequers_serial_rivers_micro_d, chequers_serial_rivers_large_b,
          hangedman_fish_farm, uniq_maggie, uniq_lodul
D:11:     layout_rooms, ebering_ghost_xom
Temple:   nicolae_temple_god_jail
Lair:1:   layout_loops_ring, nicolae_volcano_entry_two_sided
Volcano:  volcano_aerie

Skill      XL: |  1  2  3  4  5  6  7  8  9 10 11 12 |
---------------+-------------------------------------+-----
Stealth        | 5 6 7 8 |  8.0
Short Blades   | 2 3 4 6 7 8 9 10 | 10.0
Fighting       | 2 3 4 6 7 8 9 |  9.9
Throwing       | 2 3 5 |  5.0
Invocations    | 4 7 9 10 | 10.4
Evocations     | 2 4 5 |  5.3
Shields        | 1 4 |  4.0
Dodging        | |  0.7

Action                   |  1- 3 |  4- 6 |  7- 9 | 10-12 || total
-------------------------+-------+-------+-------+-------++-------
Melee: Dagger            |   111 |   186 |   341 |   651 ||  1289
       Bite              |    20 |    39 |   126 |   260 ||   445
       Punch             |     1 |     2 |     4 |    10 ||    17
Throw: Boomerang         |       |     3 |       |    27 ||    30
       Dart              |       |     1 |     9 |    32 ||    42
       Throwing net      |       |       |     1 |       ||     1
       Javelin           |       |       |       |     2 ||     2
Invok: Line Pass         |       |       |     2 |     1 ||     3
       Grand Finale      |       |       |       |     1 ||     1
Evoke: Wand              |       |       |       |     9 ||     9
       Tin of tremorston |       |       |       |     2 ||     2
  Use: Scroll            |       |    10 |     3 |     8 ||    21
       Potion            |       |     1 |       |     1 ||     2
 Stab: Sleeping          |    14 |     6 |    12 |    12 ||    44
       Invisible         |       |     1 |     4 |     2 ||     7
       Paralysed         |       |       |    13 |    37 ||    50
       Distracted        |       |       |     1 |     1 ||     2
       Confused          |       |       |     1 |       ||     1
Armor: Robe              |    17 |       |       |       ||    17
       Ring mail         |     4 |    96 |    74 |       ||   174
       Steam dragon scal |       |       |    41 |   136 ||   177
Dodge: Dodged            |    56 |    60 |   147 |   334 ||   597
Block: Kite shield       |       |       |       |    62 ||    62

Table legend: (Time is in decaauts)
 A = Elapsed time spent in this place.
 B = Non-inter-level travel time spent in this place.
 C = Inter-level travel time spent in this place.
 D = Time resting spent in this place.
 E = Time spent auto-exploring this place.
 F = Levels seen in this place.
 G = Mean time per level.
                   A        B        C        D        E       F      G
               +--------+--------+--------+--------+--------+-----+--------+
         Total |  10100 |   9506 |    594 |    417 |   6029 |  15 |  673.3 |
       Dungeon |   8728 |   8146 |    582 |     60 |   5828 |  11 |  793.5 |
        Temple |     53 |     41 |     12 |      0 |     26 |   1 |   53.0 |
          Lair |    132 |    132 |      0 |      0 |      0 |   1 |  132.0 |
        Bailey |    533 |    533 |      0 |      0 |    175 |   1 |  533.0 |
       Volcano |    652 |    652 |      0 |    357 |      0 |   1 |  652.0 |
               +--------+--------+--------+--------+--------+-----+--------+

Top non-repeatable levels by time:
     D:1: 1291 daAuts
     D:5: 1107 daAuts
    D:10: 1066 daAuts
     D:7: 1037 daAuts
     D:9: 889 daAuts
     D:4: 770 daAuts
     D:6: 755 daAuts
     D:8: 717 daAuts
 Volcano: 652 daAuts
     D:3: 593 daAuts
  Bailey: 533 daAuts
     D:2: 499 daAuts
  Lair:1: 132 daAuts
  Temple: 53 daAuts
    D:11: 1 daAuts
